 Dungeon Crawl Stone Soup version 0.32-a0-18-g89e19f1974 (webtiles) character file.

Game seed: 12441432442541567208

140 Malachi the Thaumaturge (level 5, -1/41 HPs)
             Began as a Gnoll Wanderer on Jan 16, 2024.
             Slain by a shadow imp (5 damage)
             ... on level 3 of the Dungeon.
             The game lasted 00:02:55 (2274 turns).

Malachi the Thaumaturge (Gnoll Wanderer)            Turns: 2274, Time: 00:02:55

Health: -1/41      AC:  3    Str: 12    XL:     5   Next: 23%
Magic:  18/18      EV: 11    Int: 15    God:
Gold:   212        SH:  0    Dex:  9    Spells: 25/26 levels left

rFire   . . .        a - +0 spear
rCold   . . .        (no shield)
rNeg    . . .        e - +0 robe
rPois   .            (no helmet)
rElec   .            (no cloak)
rCorr   +            h - +0 pair of gloves
SInv    .            (no boots)
Will    .....        (no amulet)
Stlth   ++           f - ring of resist corrosion
HPRegen 0.26/turn    (no ring)
MPRegen 0.16/turn

%: no passive effects
@: attractive
A: fangs 1, strong nose, distributed training
a: no special abilities


You were on level 3 of the Dungeon.
You visited 1 branch of the dungeon, and saw 3 of its levels.

You collected 212 gold pieces.

Inventory:

Hand Weapons
 a - a +0 spear (weapon)
 c - a +0 dagger
Missiles
 b - 10 poisoned darts
 n - 3 silver javelins
Armour
 e - a +0 robe (worn)
 h - a +0 pair of gloves (worn)
Jewellery
 f - a ring of resist corrosion (left hand)
 l - a ring of wizardry
Talismans
 u - a talisman of death
Wands
 s - a wand of flame (10)
 v - a wand of roots (12)
Scrolls
 d - a scroll of fear
 g - 2 scrolls of butterflies {unknown}
 i - a scroll of enchant weapon {unknown}
 j - 2 scrolls of fog {unknown}
 k - a scroll of blinking {unknown}
 m - 2 scrolls of identify {unknown}
 p - a scroll of torment {unknown}
Potions
 o - a potion of attraction
 q - 2 potions of curing {unknown}
 r - 2 potions of invisibility {unknown}
 t - a potion of haste {unknown}


   Skills:
 + Level 3.0 Fighting
 + Level 1.4 Short Blades
 + Level 1.4 Long Blades
 + Level 1.4 Axes
 + Level 1.4 Maces & Flails
 + Level 3.0 Polearms
 + Level 1.4 Staves
 + Level 1.4 Ranged Weapons
 + Level 3.0 Throwing
 + Level 1.4 Armour
 + Level 1.4 Dodging
 + Level 2.7 Stealth
 + Level 1.4 Shields
 + Level 1.4 Unarmed Combat
 + Level 11.4 Spellcasting
 + Level 1.1 Conjurations
 + Level 1.1 Hexes
 + Level 1.1 Summonings
 + Level 1.1 Necromancy
 + Level 1.1 Translocations
 + Level 1.1 Fire Magic
 + Level 1.1 Ice Magic
 + Level 1.1 Air Magic
 + Level 1.1 Earth Magic
 + Level 1.1 Alchemy
 + Level 1.6 Invocations
 + Level 1.4 Evocations
 + Level 1.3 Shapeshifting


You had 25 spell levels left.
You knew the following spells:

 Your Spells              Type           Power      Damage    Failure   Level
a - Freeze                Ice            48%        1d6       5%          1

Your spell library contained the following spells:

 Spells                   Type           Power      Damage    Failure   Level
 Sting                    Conj/Alch      48%        1d6       5%          1
 Summon Small Mammal      Summ           48%        N/A       5%          1
 Ensorcelled Hibernation  Hex/Ice        24%        N/A       8%          2
 Mercury Vapours          Alch/Air       24%        N/A       8%          2
 Call Canine Familiar     Summ           12%        N/A       16%         3
 Teleport Other           Tloc           12%        N/A       16%         3
 Olgreb's Toxic Radiance  Alch           12%        N/A       45%         4
 Summon Blazeheart Golem  Fire/Summ      12%        N/A       45%         4
 Vhi's Electric Charge    Tloc/Air       24%        N/A       45%         4
 Arcjolt                  Conj/Air       6%         1d16      82%         5
 Maxwell's Capacitive Co  Air            6%         ∞         100%        8


Dungeon Overview and Level Annotations

Branches:
Dungeon (3/15)

Altars:
Kikubaaqudgha


Innate Abilities, Weirdness & Mutations

You have very sharp teeth.
Your uncanny sense of smell can sniff out nearby items.
Your experience applies equally to all skills.


Message History

The shadow imp is heavily wounded.
The shadow imp hits you.
You completely miss the shadow imp.
The shadow imp is heavily wounded.
The shadow imp gestures at you. Pain shoots through your body!
You hit the shadow imp.
The shadow imp is severely wounded.
The shadow imp closely misses you.
You barely miss the shadow imp.
The shadow imp is severely wounded.
The shadow imp hits you.
You hit the shadow imp.
The shadow imp is severely wounded.
The shadow imp closely misses you.
You barely miss the shadow imp.
The shadow imp is severely wounded.
The shadow imp misses you.
You closely miss the shadow imp. Your punch misses the shadow imp.
The shadow imp is severely wounded.
The shadow imp closely misses you.
You barely miss the shadow imp.
The shadow imp is severely wounded.
You hit the shadow imp.
The shadow imp is almost dead.
The shadow imp gestures at you. Pain shoots through your body!
* * * LOW HITPOINT WARNING * * *
You completely miss the shadow imp.
The shadow imp is almost dead.
The shadow imp closely misses you.
You hit the shadow imp but do no damage.
The shadow imp is almost dead.
The shadow imp gestures at you. Pain shoots through your body!
* * * LOW HITPOINT WARNING * * *
It was a potion of attraction.
You feel attractive to monsters. The shadow imp hits you.
You die...

#..(..# #.....#
#.....# #.....#
#.....# #.....#
#....#############
#....#8.........8#
#....#.....8.@...+
#....'†..#####5..#
#....#...# ...#
##...#..(# 8..#
##.###...# ...#
####..# #...# ...#
#....## #.... ...#
#.#### #8.... ..8#
#.# #######


You could see a shadow imp.

Vanquished Creatures
  Terence (D:2)
  7 adders
  A dart slug (D:2)
  5 ball pythons
  5 giant cockroaches (D:2)
  5 goblins
  4 hobgoblins (D:2)
  4 jackals (D:2)
  4 kobolds
  3 quokkas
  6 bats
  2 frilled lizards (D:2)
  4 rats (D:2)
51 creatures vanquished.

Notes
Turn   | Place    | Note
-------+----------+-------------------------------------------
     0 | D:1      | Reached skill level 11 in Spellcasting
     0 | D:1      | Malachi the Gnoll Wanderer began the quest for the Orb.
     0 | D:1      | Malachi set off with the following items: a +0 spear, 10
                  | poisoned darts, a +0 dagger, a scroll of fear, a +0 robe;
                  | and the following spell memorised: Freeze; and the
                  | following spells available to memorise: Ensorcelled
                  | Hibernation, Call Canine Familiar, Teleport Other.
     0 | D:1      | Reached XP level 1. HP: 17/17 MP: 12/12
   544 | D:2      | Reached XP level 2. HP: 22/23 MP: 14/14
   845 | D:2      | Reached XP level 3. HP: 28/28 MP: 15/15
   879 | D:2      | Found an ancient bone altar of Kikubaaqudgha.
   955 | D:2      | Reached skill level 1 in Invocations
  1028 | D:2      | Reached skill level 1 in Short Blades
  1028 | D:2      | Reached skill level 1 in Long Blades
  1028 | D:2      | Reached skill level 1 in Axes
  1028 | D:2      | Reached skill level 1 in Maces & Flails
  1028 | D:2      | Reached skill level 1 in Staves
  1028 | D:2      | Reached skill level 1 in Ranged Weapons
  1028 | D:2      | Reached skill level 1 in Armour
  1028 | D:2      | Reached skill level 1 in Dodging
  1028 | D:2      | Reached skill level 1 in Shields
  1028 | D:2      | Reached skill level 1 in Unarmed Combat
  1028 | D:2      | Reached skill level 1 in Evocations
  1102 | D:2      | Reached skill level 1 in Shapeshifting
  1102 | D:2      | Reached XP level 4. HP: 34/34 MP: 12/17
  1213 | D:2      | Reached skill level 1 in Conjurations
  1213 | D:2      | Reached skill level 1 in Hexes
  1213 | D:2      | Reached skill level 1 in Summonings
  1213 | D:2      | Reached skill level 1 in Necromancy
  1213 | D:2      | Reached skill level 1 in Translocations
  1213 | D:2      | Reached skill level 1 in Fire Magic
  1213 | D:2      | Reached skill level 1 in Ice Magic
  1213 | D:2      | Reached skill level 1 in Air Magic
  1213 | D:2      | Reached skill level 1 in Earth Magic
  1213 | D:2      | Reached skill level 1 in Alchemy
  1489 | D:2      | Noticed Terence
  1498 | D:2      | Killed Terence
  1954 | D:3      | Reached XP level 5. HP: 38/40 MP: 18/18
  2274 | D:3      | Slain by a shadow imp

Illustrated notes

Levels and vault maps discovered:
D:1:      dpeg_arrival_connections, layout_loops_ring
D:2:      kennysheep_six_static_rooms, layout_loops_ring, basic_altar,
          chequers_serial_rivers_micro_e, uniq_terence
D:3:      layout_basic, lemuel_doored_altar, general_overflow_altar,
          dreamdust_ecumenical_altar_statues, eino_tiny_chamber,
          kennysheep_big_empty_room, nicolae_nh_oracle_at_delphi

Skill      XL: |  1  2  3  4  5 |
---------------+----------------+-----
Spellcasting   | | 11.4
Invocations    | 1 |  1.6
Short Blades   | 1 |  1.4
Long Blades    | 1 |  1.4
Axes           | 1 |  1.4
Maces & Flails | 1 |  1.4
Staves         | 1 |  1.4
Ranged Weapons | 1 |  1.4
Armour         | 1 |  1.4
Dodging        | 1 |  1.4
Shields        | 1 |  1.4
Unarmed Combat | 1 |  1.4
Evocations     | 1 |  1.4
Shapeshifting  | 1 |  1.3
Conjurations   | 1 |  1.1
Hexes          | 1 |  1.1
Summonings     | 1 |  1.1
Necromancy     | 1 |  1.1
Translocations | 1 |  1.1
Fire Magic     | 1 |  1.1
Ice Magic      | 1 |  1.1
Air Magic      | 1 |  1.1
Earth Magic    | 1 |  1.1
Alchemy        | 1 |  1.1
Fighting       | 3 |  3.0
Polearms       | 3 |  3.0
Throwing       | 3 |  3.0
Stealth        | |  2.7

Action                     |  1- 3 |  4- 6 || total
---------------------------+-------+-------++-------
  Melee: Spear             |    66 |    71 ||   137
         Bite              |     9 |     4 ||    13
         Punch             |       |     1 ||     1
   Cast: Freeze            |    17 |    26 ||    43
    Use: Potion            |       |     1 ||     1
   Stab: Sleeping          |     3 |     2 ||     5
 Armour: Robe              |    40 |    45 ||    85
  Dodge: Dodged            |    43 |    54 ||    97

Table legend: (Time is in decaauts)
 A = Elapsed time spent in this place.
 B = Non-inter-level travel time spent in this place.
 C = Inter-level travel time spent in this place.
 D = Time resting spent in this place.
 E = Time spent auto-exploring this place.
 F = Levels seen in this place.
 G = Mean time per level.
                   A        B        C        D        E       F      G
               +--------+--------+--------+--------+--------+-----+--------+
         Total |   2267 |   2195 |     72 |    252 |   1577 |   3 |  755.7 |
       Dungeon |   2267 |   2195 |     72 |    252 |   1577 |   3 |  755.7 |
               +--------+--------+--------+--------+--------+-----+--------+

Top non-repeatable levels by time:
     D:2: 1390 daAuts
     D:1: 530 daAuts
     D:3: 346 daAuts
